Map: Neon Violet Square LE

Players

Morris

  • Race: Zerg Zerg
  • League: Diamond
  • Spawn Location: 5:00

Armag - Winner!

  • Race: Zerg Zerg
  • League: Diamond
  • Spawn Location: 11:00

VOD

Have the link to the VOD?

Description

Time

  • Played on: Feb. 23, 2018, 4:48 a.m.
  • Length: 14:28
Show
View Real Time Build Order
Export as new Build Order

Morris Zerg 

Build Orders: Hatch First, Zergling Baneling 

Get SALT Encoding   

  12  0:00  Drone  
  13  0:13  Overlord  
  13  0:18  Drone  
  14  0:31  Drone x2  
  14  0:35  Drone  
  17  0:52  Hatchery  
  17  0:56  Drone  
  17  0:59  Drone  
  18  1:10  Extractor  
  17  1:15  Spawning Pool  
  17  1:18  Drone  
  17  1:21  Drone  
  18  1:28  Drone  
  19  1:39  Overlord  
  19  1:50  Drone  
  20  2:03  Queen  
  20  2:04  Queen  
  20  2:05  Zergling x4  
  26  2:13  Metabolic Boost  
  26  2:14  Drone  
  27  2:18  Drone  
  27  2:22  Drone  
  29  2:26  Drone  
  30  2:33  Drone  
  30  2:36  Baneling Nest  
  30  2:37  Drone  
  31  2:45  Drone  
  31  2:48  Drone  
  33  2:55  Overlord  
  33  2:58  Drone  
  34  3:04  Hatchery  
  33  3:09  Drone  
  33  3:10  Drone  
  35  3:14  Zergling x4  
  37  3:20  Zergling x6  
  37  3:26  Zergling x4  
  43  3:27  Zergling x2  
  43  3:34  Zergling x2  
  43  3:37  Overlord  
  44  3:54  Zergling x6  
  44  3:57  Baneling x4  
  44  3:58  Baneling  
  44  4:09  Zergling x14  
  48  4:13  Drone  
  47  4:23  Zergling x2  
  47  4:24  Zergling x4  
  48  4:27  Queen  
  48  4:29  Drone x3  
  53  4:33  Baneling x2  
  53  4:35  Drone x2  
  55  4:45  Roach Warren, Drone x3, Evolution Chamber, Extractor  
  55  4:46  Drone, Extractor  
  55  4:47  Baneling  
  55  4:55  Drone x2  
  57  5:06  Overlord x3  
  57  5:18  Overlord x3  
  57  5:32  Zergling x12  
  57  5:33  Zergling x2  
  64  5:38  Drone x4  
  64  5:40  Roach x4  
  67  6:02  Roach x7  
  78  6:13  Drone x3  
  78  6:15  Roach  
  78  6:16  Roach  
  85  6:21  Zergling x4  
  87  6:29  Lair  
  87  6:31  Drone x3  
  90  6:43  Drone  
  90  6:44  Drone x2  
  90  6:45  Baneling  
  90  6:46  Baneling x7  
  93  7:07  Drone x3  
  96  7:11  Roach x5  
  96  7:14  Zerg Missile Weapons Level 1  
  106  7:31  Overlord x3  
  106  7:32  Overlord x3  
  106  7:34  Extractor  
  106  7:35  Extractor  
  104  7:43  Glial Reconstitution  
  103  7:50  Drone x3  
  106  7:52  Roach x3  
  106  7:53  Roach x6  
  106  7:57  Roach  
  126  7:58  Roach  
  126  8:06  Roach x4  
  134  8:17  Roach  
  134  8:18  Roach x4  
  134  8:19  Drone  
  145  8:35  Overlord  
  145  8:36  Overlord  
  145  8:37  Drone x3  
  145  8:38  Drone  
  147  8:47  Roach x4  
  154  8:50  Overlord x2  
  154  8:58  Ravager x6  
  154  9:01  Roach x3  
  164  9:06  Zergling x10  
  164  9:08  Hatchery  
  168  9:16  Roach x3  
  174  9:22  Roach x2  
  174  9:23  Roach x3  
  186  9:31  Roach  
  186  9:33  Overlord  
  186  9:34  Overlord  
  186  9:43  Overlord x2  
  186  9:50  Overlord x2  
  186  10:03  Roach x4  
  186  10:04  Roach x3  
  192  10:13  Zerg Missile Weapons Level 2  
  192  10:19  Drone x3  
  192  10:20  Evolution Chamber  
  189  10:29  Roach x5  
  190  10:57  Roach x5  
  190  11:01  Queen  
  197  11:07  Roach  
  197  11:08  Roach x3  
  186  11:25  Roach x10  
  198  11:30  Zerg Ground Armor Level 1  
  198  11:36  Roach  
  188  11:56  Roach  
  188  11:57  Roach x4  
  180  12:12  Roach  
  180  12:13  Roach x13  
  159  12:23  Roach x2  
  159  12:36  Roach x7  
  169  12:40  Ravager x12  
  181  12:52  Extractor  
  181  12:55  Infestation Pit, Extractor  
  178  12:59  Roach x8  
  178  13:02  Overlord x3  
  178  13:03  Overlord x2  
  155  13:21  Roach x8  
  155  13:22  Roach x3  
  158  13:31  Roach x7  
  117  13:54  Roach x9  
  131  14:01  Roach x2  
  131  14:02  Overseer  
Show
View Real Time Build Order
Export as new Build Order

Armag Zerg - Winner!

Build Orders: Hatch First, Lurkers, Zergling Baneling 

Get SALT Encoding   

  12  0:00  Drone  
  13  0:15  Overlord  
  13  0:18  Drone  
  14  0:33  Drone x2  
  16  0:38  Drone  
  17  0:53  Hatchery  
  17  0:56  Drone  
  17  0:59  Drone  
  17  1:02  Extractor  
  17  1:15  Spawning Pool  
  16  1:19  Drone  
  16  1:22  Drone  
  18  1:31  Drone  
  19  1:42  Overlord  
  19  1:52  Drone  
  20  2:01  Queen  
  20  2:03  Metabolic Boost  
  20  2:05  Zergling x2  
  20  2:07  Queen  
  25  2:11  Zergling x2  
  26  2:18  Drone  
  27  2:23  Drone  
  28  2:34  Drone x2, Baneling Nest  
  29  2:40  Spine Crawler  
  29  2:43  Drone x2  
  30  3:03  Zergling x2  
  30  3:04  Hatchery  
  30  3:17  Drone, Overlord  
  30  3:18  Drone x2  
  33  3:21  Zergling x2  
  33  3:24  Baneling  
  33  3:25  Baneling  
  33  3:26  Baneling x2  
  34  3:33  Zergling x2, Overlord  
  35  3:43  Baneling  
  35  3:44  Baneling  
  35  3:45  Zergling x6  
  35  3:46  Zergling x2  
  38  3:51  Baneling  
  38  3:55  Zergling x8  
  41  4:09  Zergling x4  
  40  4:12  Zergling x2  
  40  4:13  Zergling x2  
  40  4:15  Zergling x2  
  40  4:16  Zergling x2  
  41  4:17  Baneling x2  
  41  4:18  Queen  
  42  4:26  Baneling  
  42  4:30  Drone x2  
  42  4:31  Zergling x6  
  47  4:32  Baneling  
  47  4:40  Spine Crawler  
  46  4:45  Drone  
  46  4:51  Drone x2  
  46  4:52  Drone x3  
  52  5:05  Overlord  
  52  5:08  Drone  
  52  5:09  Drone x2  
  52  5:10  Roach Warren  
  52  5:11  Zergling x2  
  52  5:12  Extractor  
  54  5:28  Baneling x2  
  54  5:33  Baneling  
  54  5:34  Baneling  
  53  5:37  Overlord  
  53  5:38  Drone  
  53  5:39  Lair  
  53  5:40  Drone x3  
  53  5:42  Drone x2, Overlord  
  59  5:43  Drone x2  
  59  5:45  Baneling  
  59  5:46  Baneling  
  59  6:01  Zergling x4  
  59  6:02  Zergling x6  
  59  6:15  Drone x2, Overlord  
  61  6:21  Extractor  
  61  6:23  Extractor  
  59  6:29  Hatchery  
  59  6:30  Queen  
  60  6:33  Overlord  
  60  6:35  Drone x3  
  60  6:37  Drone x3  
  60  6:38  Drone x3, Overlord  
  69  6:42  Roach  
  71  6:47  Roach x2  
  71  6:48  Roach  
  71  6:54  Roach x2  
  81  6:55  Spine Crawler  
  80  7:09  Glial Reconstitution  
  80  7:10  Overlord  
  80  7:13  Drone  
  80  7:15  Hydralisk Den  
  80  7:17  Drone  
  80  7:19  Drone, Overlord  
  80  7:20  Drone x5  
  87  7:36  Lair  
  87  7:43  Roach x3  
  87  7:44  Roach x7  
  93  7:46  Drone x2  
  93  7:47  Drone  
  101  8:00  Drone x3  
  101  8:02  Evolution Chamber  
  101  8:03  Spore Crawler  
  101  8:04  Evolution Chamber  
  101  8:05  Drone x3, Overlord  
  102  8:06  Drone x2  
  102  8:09  Spore Crawler  
  102  8:11  Drone  
  102  8:12  Drone, Extractor x2  
  106  8:16  Ravager x3  
  108  8:20  Overlord  
  108  8:21  Roach x2  
  112  8:37  Lurker Den  
  110  8:50  Hatchery, Overlord  
  110  8:51  Roach x2  
  110  8:52  Roach x6, Extractor x2  
  110  8:55  Zerg Missile Weapons Level 1, Zerg Ground Armor Level 1  
  123  9:04  Ravager  
  123  9:05  Ravager  
  123  9:24  Drone x3  
  126  9:25  Drone x3  
  126  9:28  Roach  
  126  9:29  Roach x9  
  149  9:43  Overlord x3  
  149  9:44  Overlord x2  
  149  9:51  Overlord x2  
  144  10:09  Hydralisk x4  
  144  10:10  Hydralisk x5  
  162  10:16  Ravager x2  
  162  10:40  Lurker x4  
  131  11:18  Roach  
  131  11:19  Roach x20  
  169  11:38  Roach x4  
  169  11:39  Roach  
  169  11:49  Hydralisk x2  
  169  11:50  Hydralisk x3  
  172  11:58  Zergling x10  
  133  12:19  Roach x4  
  133  12:20  Roach x6  
  136  12:28  Lurker x4  
  135  12:38  Overlord  
  135  12:40  Roach x3, Drone x2  
  143  12:44  Infestation Pit  
  143  12:45  Spire  
  143  12:48  Overseer  
  141  13:05  Roach  
  141  13:06  Roach x12  
  139  13:22  Roach x3  
  139  13:23  Roach x6  
  138  13:38  Roach  
  138  13:39  Roach x8  
  152  13:53  Hydralisk  
  152  13:54  Hydralisk x8  
Tags
 
Add a new tag
Caveats
  • Supply blocks, unpowered buildings, or Contaminate may cause inaccurate times.
  • Supply counts are checked every 10 seconds.